 Dungeon Crawl Stone Soup version 0.21.1-1-g345015f (webtiles) character file.

138 Monzz the Ducker (level 5, -11/44 HPs)
             Began as a Draconian Warper on May 7, 2018.
             Mangled by Sigmund
             ... wielding a +2 scythe of slicing
              (16 damage)
             ... on level 3 of the Dungeon.
             The game lasted 00:08:08 (1652 turns).

Monzz the Ducker (Draconian Warper)                 Turns: 1652, Time: 00:08:09

Health: -11/44     AC:  5    Str: 13      XL:     5   Next: 1%
Magic:  8/8        EV: 13    Int: 13      God:
Gold:   95         SH:  0    Dex: 10 (12) Spells: 8/8 levels left

rFire    . . .     SeeInvis .   l - +0 dagger (drain)
rCold    . . .     Gourm    .   (no shield)
rNeg     . . .     Faith    .   (armour unavailable)
rPois    .         Spirit   .   (helmet restricted)
rElec    .         Reflect  .   (no cloak)
rCorr    .         Harm     .   (no gloves)
MR       .....                  (no boots)
Stlth    +.........             (no amulet)
HPRegen  0.14/turn              (no ring)
MPRegen  0.11/turn              (no ring)

@: confused
A: unfitting armour, cold-blooded, AC +5
a: no special abilities


You were on level 3 of the Dungeon.
You were hungry.

You visited 1 branch of the dungeon, and saw 3 of its levels.

You collected 95 gold pieces.

Inventory:

Hand Weapons
 a - a +0 spear
 g - a +0 hunting sling
 l - a +0 dagger of draining (weapon)
Missiles
 d - 5 tomahawks of dispersal (quivered)
 e - 5 tomahawks
 j - 31 stones
Scrolls
 c - a scroll of blinking
 i - 2 scrolls of identify
Potions
 h - 3 potions of brilliance
Books
 b - a book of Spatial Translocations

   Spells                             Type                      Level
   a - Blink                          Translocation                2
   b - Shroud of Golubria             Charms/Translocation         2
   c - Lesser Beckoning               Translocation                3
   d - Gell's Gravitas                Translocation                3
   e - Teleport Other                 Translocation                3
   f - Passage of Golubria            Translocation                4
Comestibles
 f - a ration


   Skills:
 * Level 2.9 Fighting
 * Level 1.5 Short Blades
 - Level 2.0 Polearms
 + Level 0.9 Throwing
 * Level 3.5 Dodging
 * Level 1.5 Stealth
 * Level 2.4 Spellcasting
   Level 3.0 Translocations


You had 8 spell levels left.
You didn't know any spells.

Dungeon Overview and Level Annotations

Branches:
Dungeon (3/15)

Altars:

Annotations:
D:3 Sigmund


Innate Abilities, Weirdness & Mutations

Your plain brown scales are hard. (AC +5)
You cannot fit into any form of body armour.
You are cold-blooded and may be slowed by cold attacks.


Message History

You closely miss Sigmund.
Your tail-slap misses Sigmund.
Sigmund is lightly wounded.
The leopard gecko barely misses you. Sigmund gestures at you while chanting.
You are confused.
The leopard gecko misses you.
Sigmund hits you from afar with a scythe of slicing.
* * * LOW HITPOINT WARNING * * *
x2 You bump into the rock wall.
The leopard gecko closely misses you. Sigmund closely misses you.
You bump into the rock wall.
The leopard gecko misses you.
You completely miss the leopard gecko. The leopard gecko bites you.
* * * LOW HITPOINT WARNING * * *
Sigmund hits you from afar with a scythe of slicing.
* * * LOW HITPOINT WARNING * * *
x2 You bump into the rock wall.
The leopard gecko bites you but does no damage.
The leopard gecko barely misses you.
Sigmund hits you from afar with a scythe of slicing!
You die...

#.......# ##.
#.......#.. +..
#.......#.. #..
##......#.#
##.#### #.####.#.#
#.....# #.# #.#.#
#.....# #.####.#.#
#.@...# #.#..#'#.#
#l#
#.#......####@#
####'#......)..#.#
...........###.#.#
...........# #.#.#
......#....# #.#.#
...........# #.#.#
......##...# #.#.#
#..........# #.#.#
#.#####....###.#.#


You could see Sigmund and a leopard gecko.

Vanquished Creatures
  Ijyb (D:2)
  A worker ant (D:2)
  3 adders (D:2)
  An ooze (D:2)
  A worm (D:2)
  2 dart slugs
  2 leopard geckos
  An orc (D:3)
  A ball python (D:2)
  3 giant cockroaches
  11 goblins
  A hobgoblin (D:1)
  5 jackals
  3 kobolds (D:1)
  2 bats
  5 frilled lizards
  9 rats
52 creatures vanquished.

Notes
Turn   | Place    | Note
-------+----------+-------------------------------------------
     0 | D:1      | Monzz the Draconian Warper began the quest for the Orb.
     0 | D:1      | Reached XP level 1. HP: 17/17 MP: 3/3
   150 | D:1      | Reached XP level 2. HP: 16/24 MP: 5/5
   734 | D:2      | Reached XP level 3. HP: 23/30 MP: 6/6
   892 | D:2      | Noticed Ijyb
   937 | D:2      | Reached skill level 1 in Short Blades
   965 | D:2      | Killed Ijyb
   965 | D:2      | Reached skill level 1 in Stealth
   965 | D:2      | Reached XP level 4. HP: 36/37 MP: 7/7
  1595 | D:3      | Noticed Sigmund
  1612 | D:3      | Reached XP level 5. HP: 44/44 MP: 8/8
  1652 | D:3      | Mangled by Sigmund

Skill      XL: |  1  2  3 |
---------------+----------+-----
Dodging        | 3 |  3.5
Short Blades   | 1 |  1.5
Stealth        | 1 |  1.5
Fighting       | |  2.9
Polearms       | |  2.0
Throwing       | |  0.9
Spellcasting   | |  2.4
Translocations | |  3.0

Action                   |  1- 3 |  4- 6 || total
-------------------------+-------+-------++-------
Melee: Spear             |    19 |       ||    19
       Dagger            |   130 |    71 ||   201
       Tailslap          |    14 |     2 ||    16
  Use: Potion            |     3 |     1 ||     4
       Scroll            |       |     3 ||     3
 Stab: Sleeping          |       |     1 ||     1
  Eat: Chunk             |       |     2 ||     2
Armor: Skin              |    52 |    56 ||   108
Dodge: Dodged            |    93 |    41 ||   134
